Map: Pylon LE

Players

ManlyManMeat - Winner!

  • Race: Zerg Zerg
  • League: Diamond
  • Spawn Location: 5:00

Arcji

  • Race: Zerg Zerg
  • League: Master
  • Spawn Location: 11:00

VOD

Have the link to the VOD?

Description

Time

  • Played on: July 3, 2025, 4:21 a.m.
  • Length: 4:49
Show
View Real Time Build Order
Export as new Build Order

ManlyManMeat Zerg - Winner!

Build Orders: Hatch First 

Get SALT Encoding   

  12  0:00  Drone  
  13  0:08  Drone  
  14  0:14  Extractor  
  14  0:15  Drone  
  15  0:22  Overlord  
  15  0:41  Drone  
  16  0:47  Hatchery  
  15  0:50  Drone  
  15  0:55  Drone  
  17  0:58  Drone  
  18  1:08  Extractor  
  17  1:14  Spawning Pool  
  17  1:18  Drone  
  17  1:20  Drone  
  18  1:28  Drone  
  19  1:37  Drone  
  20  2:00  Queen  
  20  2:01  Queen  
  22  2:02  Zergling x4  
  22  2:04  Overlord  
  26  2:09  Drone  
  27  2:20  Zergling x2  
  27  2:22  Metabolic Boost  
  28  2:28  Drone  
  29  2:37  Drone x2  
  31  2:47  Zergling x4  
  31  2:48  Baneling Nest  
  32  2:52  Drone  
  33  2:59  Drone  
  33  3:00  Hatchery  
  33  3:16  Zergling x6, Overlord  
  36  3:32  Overlord x2  
  36  3:40  Baneling x4  
  36  3:45  Baneling x2  
  38  3:54  Zergling x2  
  38  3:55  Zergling x10  
  43  4:13  Zergling x8  
  42  4:22  Zergling x18  
  51  4:33  Baneling  
Show
View Real Time Build Order
Export as new Build Order

Arcji Zerg 

Build Orders: Pool First 

Get SALT Encoding   

  12  0:00  Drone  
  13  0:09  Drone  
  14  0:24  Overlord  
  14  0:37  Spawning Pool  
  14  0:38  Drone  
  14  0:44  Drone x2  
  16  0:56  Drone  
  17  1:13  Drone  
  17  1:16  Hatchery  
  17  1:24  Queen  
  19  1:27  Extractor  
  19  1:30  Drone  
  19  1:32  Drone  
  19  1:36  Drone  
  21  1:44  Overlord  
  21  1:55  Zergling x2  
  22  2:08  Zergling x2  
  23  2:25  Drone  
  23  2:27  Queen  
  26  2:31  Metabolic Boost  
  26  2:33  Zergling x10  
  31  2:48  Drone x2  
  31  2:50  Drone x2  
  35  3:02  Drone, Overlord  
  36  3:17  Lair  
  36  3:19  Overlord  
  36  3:23  Drone, Extractor  
  36  3:24  Drone x2  
  38  3:34  Drone  
  38  3:35  Drone  
  38  3:40  Drone x3  
  43  3:41  Drone x2  
  43  3:42  Drone  
  46  3:49  Drone x2  
  46  3:55  Baneling Nest  
  46  4:00  Drone  
  46  4:01  Drone  
  36  4:10  Zergling x2  
  29  4:18  Zergling x2  
  29  4:23  Zergling x4  
  28  4:31  Zergling x8  
Tags
 
Matchup
ZvZ
Race
Zerg
Replay Pack
Myownreplay2
Spawn Locations
Cross Positions
Add a new tag
Caveats
  • Supply blocks, unpowered buildings, or Contaminate may cause inaccurate times.
  • Supply counts are checked every 10 seconds.